[Event "Titled Tuesday Blitz October 25 Late 2022"]
[White "Goryachkina, Aleksandra"]
[Black "Makarian, Rudik"]
[WhiteFideId "4147103"]
[BlackFideId "44105681"]
[WhiteElo "2484"]
[BlackElo "2405"]
[Result "1/2-1/2"]
[Round "07"]
[TimeControl "180+1"]
[Date "2022.10.26"]
[WhiteClock "0:00:05"]
[BlackClock "0:00:08"]

1. e4 c5 2. Nf3 e6 3. c3 d5 4. exd5 Qxd5 5. d4 Nf6 6. Be3 cxd4 7. Qxd4 Nc6 8. Qh4 Be7 9. Bc4 Qa5 10. O-O h6 11. Nbd2 e5 12. Bb3 Qc7 13. Qc4 O-O 14. h3 Be6 15. Qe2 Nd5 16. Rad1 Rad8 17. Rfe1 Rfe8 18. Nf1 Bf8 19. Ng3 a6 20. Nh4 g6 21. Qf3 Nxe3 22. Qxe3 Bxb3 23. axb3 Bg7 24. Ne4 f5 25. Nc5 Kh7 26. Nf3 e4 27. Nd4 Nxd4 28. cxd4 Qc6 29. b4 b6 30. Nb3 Qd5 31. Rc1 Rc8 32. Red1 g5 33. Rc3 f4 34. Qc1 Rxc3 35. Qxc3 e3 36. Qc2+ Kh8 37. fxe3 fxe3 38. Re1 Qe6 39. Nc1 g4 40. hxg4 Bxd4 41. Ne2 Qxg4 42. Nxd4 Qxd4 43. Re2 Qe5 44. Qc3 Qxc3 45. bxc3 Kg7 46. Kf1 Kf6 47. Ra2 Rc8 48. Rxa6 Rxc3 49. Rxb6+ Kg5 50. Ke2 Rc2+ 51. Kxe3 Rxg2 52. Kf3 Rb2 53. Kg3 Rb3+ 54. Kh2 Rb2+ 55. Kg3 Rb3+ 56. Kh2 Rb2+ 57. Kg3 1/2-1/2


[Site "https://www.chess.com"]

[Event "Titled Tuesday Blitz October 25 Late 2022"]
[White "Hambleton, Aman"]
[Black "Banzea, Alexandru-Bogdan"]
[WhiteFideId "2606577"]
[BlackFideId "1232622"]
[WhiteElo "2538"]
[BlackElo "2294"]
[Result "1-0"]
[Round "07"]
[TimeControl "180+1"]
[Date "2022.10.26"]
[WhiteClock "0:00:03"]
[BlackClock "0:00:02"]

1. d4 d5 2. Bf4 c5 3. e3 Nc6 4. c3 Bf5 5. Nd2 e6 6. Qb3 Qd7 7. Ngf3 c4 8. Qd1 Nf6 9. Nh4 Bg4 10. f3 Bh5 11. g4 Bg6 12. e4 Be7 13. e5 Ng8 14. Bg3 Qd8 15. Ng2 h6 16. Nf4 Bh7 17. h4 Bf8 18. Bh3 Nge7 19. O-O Ng6 20. Ng2 Be7 21. h5 Nh4 22. Ne3 Bd3 23. Rf2 g5 24. Bf1 Bxf1 25. Qxf1 Qd7 26. Bxh4 gxh4 27. Kh2 O-O 28. f4 Kh8 29. f5 1-0


[Site "https://www.chess.com"]

[Event "Titled Tuesday Blitz October 25 Late 2022"]
[White "Harvey, Marcus R"]
[Black "Sadhwani, Raunak"]
[WhiteFideId "400092"]
[BlackFideId "35093487"]
[WhiteElo "2457"]
[BlackElo "2656"]
[Result "0-1"]
[Round "07"]
[TimeControl "180+1"]
[Date "2022.10.26"]
[WhiteClock "0:00:04"]
[BlackClock "0:01:03"]

1. Nf3 d5 2. b3 c5 3. e3 Nc6 4. Bb2 a6 5. d4 Nf6 6. Be2 Bg4 7. O-O Bxf3 8. Bxf3 cxd4 9. exd4 e6 10. c4 Be7 11. Nc3 O-O 12. cxd5 Nxd5 13. Nxd5 exd5 14. Re1 Qd6 15. Rc1 Bf6 16. Rc5 Rfe8 17. a3 Bxd4 18. Rxd5 Qf6 19. Rxe8+ Rxe8 20. Bxd4 Nxd4 21. h3 Nxf3+ 22. Qxf3 Qe7 23. b4 g6 24. g3 Rc8 25. Qd3 h5 26. Rd7 Rc1+ 27. Kg2 Qe1 28. g4 h4 29. Rd8+ Kh7 30. Rh8+ Kxh8 31. Qd8+ Kg7 32. Qd4+ Kh7 0-1


[Site "https://www.chess.com"]

[Event "Titled Tuesday Blitz October 25 Late 2022"]
[White "Hoffmann, Asa"]
[Black "Jimenez Almeida, Luis David"]
[WhiteFideId "2001470"]
[BlackFideId "22242244"]
[WhiteElo "2117"]
[BlackElo "2158"]
[Result "0-1"]
[Round "07"]
[TimeControl "180+1"]
[Date "2022.10.26"]
[WhiteClock "0:00:55"]
[BlackClock "0:01:12"]

1. d4 g6 2. e4 Bg7 3. Be3 d6 4. Qd2 Nd7 5. Nc3 a6 6. O-O-O b5 7. f3 Bb7 8. h4 h5 9. Nh3 Ngf6 10. Ng5 e6 11. Be2 Qe7 12. a3 Nb6 13. Kb1 Nfd7 14. g4 Nc4 15. Bxc4 bxc4 16. gxh5 Rxh5 17. d5 Nb6 18. dxe6 fxe6 19. Bxb6 cxb6 20. Qxd6 b5 21. Qxe6 Qxe6 22. Nxe6 Be5 23. Nd5 Bxd5 24. Rxd5 Ke7 25. Ng5 Bf4 26. Rhd1 Rxh4 27. Rd7+ Kf6 28. Nf7 Rh3 29. Nd6 Rxf3 30. Re1 Ke6 31. Rg7 Kxd6 32. Rxg6+ Ke5 33. a4 Re3 34. Rb6 Rxe1+ 35. Ka2 Kxe4 36. c3 Be5 37. Ka3 Kd5 38. Kb4 Bd6+ 39. Ka5 Bc7 0-1


[Site "https://www.chess.com"]

[Event "Titled Tuesday Blitz October 25 Late 2022"]
[White "Holt, Conrad"]
[Black "Aghasiyev, Kamal"]
[WhiteFideId "2034387"]
[BlackFideId "13402854"]
[WhiteElo "2592"]
[BlackElo "2341"]
[Result "1-0"]
[Round "07"]
[TimeControl "180+1"]
[Date "2022.10.26"]
[WhiteClock "0:00:11"]
[BlackClock "0:00:03"]

1. d4 d5 2. c4 e6 3. Nc3 Nf6 4. cxd5 exd5 5. Bg5 Nbd7 6. e3 c6 7. Bd3 Be7 8. Nge2 h6 9. Bh4 Nh5 10. Bxe7 Qxe7 11. O-O O-O 12. Na4 Nhf6 13. Qc2 Ne4 14. Rac1 Ndf6 15. Nc5 Nd6 16. Rfe1 Bg4 17. Ng3 Rad8 18. Qa4 a6 19. Qb4 Bc8 20. a4 Rfe8 21. Qb6 h5 22. h3 h4 23. Ne2 Nh5 24. b4 Qg5 25. Kh2 Qf6 26. Rf1 Nc4 27. Bxc4 dxc4 28. Nxb7 Rd5 29. Na5 Qd6+ 30. Kh1 c3 31. Qxc6 Qxc6 32. Nxc6 Bb7 33. Rxc3 Rd6 34. Rfc1 Nf6 35. Kg1 Nd5 36. Rc5 Bxc6 37. Rxc6 Rxc6 38. Rxc6 Nxb4 39. Rb6 a5 40. Rb5 Ra8 41. Nf4 Nc6 42. Nd3 f6 43. Nc5 Kf7 44. Nb3 Ke7 45. d5 Ne5 46. Nxa5 Rc8 47. Nc6+ Nxc6 48. dxc6 Rxc6 49. f4 Rc2 50. a5 Ra2 51. Rh5 Kf7 52. Rxh4 Rxa5 53. Kf2 f5 54. Rh8 Ra2+ 55. Kf3 Ra3 56. Rb8 Kg6 57. Rb6+ Kh7 58. g4 Ra5 59. gxf5 Rxf5 60. e4 Ra5 61. e5 Kg8 62. h4 Kf7 63. Kg4 Ra4 64. h5 Ra1 65. Rb7+ Kg8 66. e6 Ra5 67. Rb8+ Kh7 68. e7 1-0


[Site "https://www.chess.com"]

[Event "Titled Tuesday Blitz October 25 Late 2022"]
[White "Howell, David W L"]
[Black "Stoyanov, Tsvetan"]
[WhiteFideId "410608"]
[BlackFideId "2917173"]
[WhiteElo "2567"]
[BlackElo "2349"]
[Result "1-0"]
[Round "07"]
[TimeControl "180+1"]
[Date "2022.10.26"]
[WhiteClock "0:00:07"]
[BlackClock "0:00:03"]

1. e4 c5 2. c3 d5 3. exd5 Qxd5 4. d4 Nf6 5. Nf3 e6 6. a3 cxd4 7. cxd4 Nc6 8. Nc3 Qd8 9. Bd3 Be7 10. Be3 O-O 11. Qc2 b6 12. Ne4 Bb7 13. Nxf6+ Bxf6 14. Bxh7+ Kh8 15. Be4 Rc8 16. Qe2 Kg8 17. O-O Na5 18. Bxb7 Nxb7 19. Rac1 Qd5 20. Qa6 Rxc1 21. Rxc1 Na5 22. Qxa7 Nc4 23. Qa4 b5 24. Qb4 g5 25. h3 Ra8 26. Qc3 Kg7 27. Nd2 Nd6 28. Qb3 Qb7 29. Rc5 Nf5 30. Qxb5 Qe7 31. Nf3 Rd8 32. Rxf5 exf5 33. Qxf5 Qe6 34. Qxe6 fxe6 35. Nxg5 Bxg5 36. Bxg5 Rxd4 37. g4 Rd3 38. Kg2 Kg6 39. Bf4 Rb3 40. Be5 Kg5 41. Bc3 Kf4 42. a4 e5 43. a5 e4 44. a6 Rb6 45. a7 Ra6 46. Bd4 Ra4 47. b4 Ra2 48. b5 e3 49. Bxe3+ Ke4 50. b6 1-0


[Site "https://www.chess.com"]

[Event "Titled Tuesday Blitz October 25 Late 2022"]
[White "Ibadov, Dashgyn"]
[Black "Haszon, David"]
[WhiteFideId "24107514"]
[BlackFideId "733610"]
[WhiteElo "2208"]
[BlackElo "2211"]
[Result "0-1"]
[Round "07"]
[TimeControl "180+1"]
[Date "2022.10.26"]
[WhiteClock "0:00:03"]
[BlackClock "0:00:13"]

1. e4 c5 2. Nf3 d6 3. d4 cxd4 4. Nxd4 Nf6 5. Nc3 a6 6. Bg5 Nbd7 7. f4 e6 8. Qf3 Qc7 9. O-O-O b5 10. Bd3 b4 11. Nce2 Bb7 12. Qh3 Nc5 13. Bxf6 gxf6 14. Qh5 O-O-O 15. Ng3 Kb8 16. Kb1 d5 17. e5 f5 18. Qe2 Qb6 19. Nb3 a5 20. Nxc5 Bxc5 21. Nh5 a4 22. Nf6 Ka7 23. Bb5 a3 24. Nd7 Rxd7 25. Bxd7 Ba6 26. Qf3 axb2 27. Ba4 Bd4 28. Bb3 Rc8 29. g4 Rc3 30. Qg2 fxg4 31. Qxg4 Bc4 32. Qh5 Qc7 33. Qxh7 Bxb3 34. cxb3 Be3 35. Kxb2 Bxf4 36. Rhf1 Bxe5 37. Kb1 f6 38. Qxc7+ Rxc7 39. h4 Rh7 40. Rh1 Rh5 41. Kc2 Kb6 42. Kd3 Kc5 43. Rc1+ Bc3 44. Rcf1 f5 45. Rfg1 e5 46. Rg5 e4+ 47. Ke2 Rh8 48. Rxf5 Ra8 49. h5 Rxa2+ 50. Ke3 Bd4+ 51. Kf4 Rf2+ 52. Kg5 Rg2+ 53. Kh4 e3 54. h6 e2 55. h7 Bc3 56. h8=Q Bxh8 57. Kh3 Rg8 58. Re1 Re8 59. Rf2 Bc3 60. Rexe2 Rg8 61. Rg2 Rf8 62. Kg4 d4 63. Re5+ Kd6 64. Rh5 d3 65. Rh6+ Kd5 66. Rh5+ Kd4 67. Rh7 Rg8+ 68. Kf3 Rxg2 69. Kxg2 d2 70. Rd7+ Ke3 71. Kf1 Bd4 72. Re7+ Kd3 0-1


[Site "https://www.chess.com"]

[Event "Titled Tuesday Blitz October 25 Late 2022"]
[White "Iliaguev, Nisim"]
[Black "Yeletsky, Ivan"]
[WhiteFideId "2817276"]
[BlackFideId "24180327"]
[WhiteElo "2264"]
[BlackElo "2391"]
[Result "1-0"]
[Round "07"]
[TimeControl "180+1"]
[Date "2022.10.26"]
[WhiteClock "0:00:15"]
[BlackClock "0:00:01"]

1. d4 Nf6 2. Nf3 b6 3. g3 Bb7 4. Bg2 c5 5. O-O cxd4 6. Qxd4 g6 7. h4 Bg7 8. c4 O-O 9. Nc3 Ne4 10. Qd3 Nxc3 11. bxc3 Na6 12. Be3 h5 13. Bd4 d6 14. Bxg7 Kxg7 15. Qd4+ Kg8 16. a4 Nc5 17. Rfb1 Rc8 18. Nd2 Bxg2 19. Kxg2 Qc7 20. Rb5 Qb7+ 21. Kg1 Qd7 22. a5 bxa5 23. Raxa5 a6 24. Rxc5 Rb8 25. Rd5 Rb2 26. Rxh5 f6 27. Rhd5 Qh3 28. Ra1 Rfb8 29. Qe4 Kf7 30. Qg2 Qg4 31. Qf3 Qh3 32. Rd4 a5 33. Qg2 Qe6 34. Qd5 Rc2 35. Qxe6+ Kxe6 36. Rd3 Kf7 37. Rxa5 Rbb2 38. Rad5 Rc1+ 39. Kg2 Rcc2 40. h5 gxh5 41. Kf3 Kg6 42. Ke3 Ra2 43. c5 dxc5 44. Rxc5 e5 45. Rc6 Kg5 46. Rdd6 Kg4 47. Rc4+ Kh3 48. Rc8 f5 49. Rd5 f4+ 50. gxf4 exf4+ 51. Kxf4 Kg2 52. Rd4 Kxf2 53. Ne4+ Kxe2 54. Ng3+ Kf2 55. Nxh5 Ra5 56. Nf6 Ra7 57. Ne4+ Ke2 58. Re8 Rf7+ 59. Ke5 Ke3 60. c4 Rf1 61. Kd5 Kf4 62. Rf8+ Ke3 63. Rxf1 Rh2 64. Re1+ Kf4 65. Nd2+ Kf5 66. Re5+ Kf6 67. Ne4+ Kf7 68. c5 Ra2 69. c6 Ra5+ 70. Nc5 Ra8 71. c7 Rd8+ 72. cxd8=Q 1-0


[Site "https://www.chess.com"]

[Event "Titled Tuesday Blitz October 25 Late 2022"]
[White "Ismayil, Malak"]
[Black "Rose, Felix"]
[WhiteFideId "13412604"]
[BlackFideId "5105722"]
[WhiteElo "1879"]
[BlackElo "2039"]
[Result "1/2-1/2"]
[Round "07"]
[TimeControl "180+1"]
[Date "2022.10.26"]
[WhiteClock "0:00:05"]
[BlackClock "0:00:05"]

1. e4 c5 2. Nf3 d6 3. Bb5+ Bd7 4. Bxd7+ Nxd7 5. O-O Ngf6 6. Re1 Rc8 7. d4 cxd4 8. Nxd4 g6 9. Nc3 Bg7 10. Bg5 O-O 11. Qd2 a6 12. Rad1 b5 13. a3 Ne5 14. Qc1 Nc4 15. Nd5 e6 16. Ne3 Qc7 17. Nxc4 Qxc4 18. c3 a5 19. Bxf6 Bxf6 20. Nc2 Be7 21. g3 Rfd8 22. Rd4 Qc6 23. Qe3 d5 24. exd5 Rxd5 25. Rxd5 Qxd5 26. Qe2 Rb8 27. Rd1 Qc4 28. Qe5 Rc8 29. Rd7 Qc5 30. Qf4 Kg7 31. h4 h5 32. Qd4+ Qxd4 33. Nxd4 Bf6 34. Nxb5 Rb8 35. Nd6 Be5 36. Nxf7 Bf6 37. Ng5+ Kg8 38. Rd2 Bxg5 39. hxg5 Rb5 40. f4 e5 41. Kg2 exf4 42. gxf4 Rf5 43. Kf3 a4 44. Rd4 Rb5 45. Rb4 Ra5 46. c4 Kf7 47. Ke4 h4 48. Kf3 Ra8 49. Kg4 Rh8 50. Kh3 Ke6 51. Rb6+ Kf5 52. Rf6+ Ke4 53. c5 Kf3 54. c6 Rd8 55. f5 gxf5 56. Rxf5+ Ke4 57. Rc5 Rc8 58. Kxh4 Kd4 59. Rc3 Ke4 60. Kg4 Rc7 61. g6 Ke5 62. Kg5 Ke6 63. Rc4 Ke7 64. Re4+ Kf8 65. Rc4 Kg7 66. Kf5 Rc8 67. c7 Kg8 68. Kf6 Kf8 69. Rxa4 Kg8 70. Rd4 Rf8+ 71. Kg5 Kg7 72. Rd8 Rxd8 73. cxd8=Q 1/2-1/2


[Site "https://www.chess.com"]

[Event "Titled Tuesday Blitz October 25 Late 2022"]
[White "Janaszak, Dawid"]
[Black "Miszler, Levente"]
[WhiteFideId "1119206"]
[BlackFideId "763276"]
[WhiteElo "2226"]
[BlackElo "2176"]
[Result "1-0"]
[Round "07"]
[TimeControl "180+1"]
[Date "2022.10.26"]
[WhiteClock "0:00:34"]
[BlackClock "0:00:03"]

1. Nc3 c5 2. Nf3 Nc6 3. d4 cxd4 4. Nxd4 g6 5. Nxc6 bxc6 6. Qd4 Nf6 7. e4 Bg7 8. e5 Nd5 9. Nxd5 cxd5 10. Qxd5 Rb8 11. Bc4 O-O 12. O-O Bb7 13. Qc5 Rc8 14. Qb4 Qb6 15. Qxb6 axb6 16. Bb3 Bxe5 17. c3 d5 18. Be3 Bc7 19. Rad1 Rfd8 20. Rfe1 e5 21. Bg5 Rd7 22. Bf6 e4 23. Rxe4 Rd6 24. Rf4 Re6 25. Rf3 Rce8 26. Re3 Rxe3 27. fxe3 Rxe3 28. Bxd5 Bc8 29. Kf2 Re8 30. g3 Bg4 31. Re1 Rxe1 32. Kxe1 h5 33. Kf2 Be6 34. Bxe6 fxe6 35. Ke3 Kf7 36. Bg5 e5 37. Ke4 Ke6 38. a4 Bd6 39. Be3 Bc7 40. b4 Bd8 41. h4 Bc7 42. c4 Bd8 43. c5 bxc5 44. Bxc5 g5 45. hxg5 Bxg5 46. a5 Kd7 47. a6 Kc6 48. a7 Kb7 49. Bf2 Be7 50. b5 Bf6 51. Kf5 Bg7 52. Kg6 Bf8 53. Kxh5 e4 54. Kg4 Bh6 55. Bd4 Bc1 56. Kh3 e3 57. Kg2 Bd2 58. Kf3 Be1 59. g4 e2 60. Kxe2 Bb4 61. Kf3 Be7 62. Ke4 Bf6 63. Bxf6 1-0


[Site "https://www.chess.com"]

[Event "Titled Tuesday Blitz October 25 Late 2022"]
[White "Javakhadze, Zurab"]
[Black "Bortnyk, Olexandr"]
[WhiteFideId "13603647"]
[BlackFideId "14120828"]
[WhiteElo "2381"]
[BlackElo "2723"]
[Result "1-0"]
[Round "07"]
[TimeControl "180+1"]
[Date "2022.10.26"]
[WhiteClock "0:00:19"]
[BlackClock "0:00:30"]

1. Nf3 Nf6 2. c4 b6 3. Nc3 Bb7 4. d4 g6 5. g3 Bg7 6. Bg2 O-O 7. O-O Ne4 8. Bd2 e6 9. Rc1 Nxd2 10. Qxd2 d6 11. e4 Nd7 12. h4 h5 13. d5 e5 14. b4 a5 15. a3 Qe7 16. Nb5 Nf6 17. Rfe1 Bc8 18. c5 axb4 19. axb4 bxc5 20. bxc5 dxc5 21. Qc3 Ng4 22. Qxc5 Qxc5 23. Rxc5 Ra2 24. Rf1 Ba6 25. Nc3 Rc2 26. Ra1 Bd3 27. Ne1 Rd2 28. Rd1 Rxd1 29. Nxd1 Ba6 30. f3 Nf6 31. Rxc7 Rb8 32. Nc3 Rb2 33. Rc6 Bb7 34. Rc5 Ba6 35. Ra5 Bc4 36. Ra4 Bb5 37. Ra8+ Bf8 38. Rb8 Rb3 39. Nxb5 Kg7 40. Nc2 Bc5+ 41. Kh2 Rb2 42. Ne1 Rb3 43. Rb7 Re3 44. Rc7 Bb6 45. Rc6 Ba5 46. Nc2 Re2 47. d6 Rd2 48. Ne3 Bb4 49. Nc4 Rd1 50. Nc7 Nd7 51. Nd5 Bc5 52. Rc7 Bg1+ 53. Kh3 Nc5 54. d7 Ne6 55. Rc8 g5 56. d8=Q Nxd8 57. Rxd8 gxh4 58. gxh4 Bf2 59. Nd6 f5 60. Nxf5+ Kf7 61. Rd7+ Kf8 62. Nf6 Rxd7 63. Nxd7+ Kf7 64. Nxe5+ Kf6 65. Nd3 Ba7 66. f4 Bb8 67. Ng3 Kg6 68. e5 Kh6 69. Be4 Bc7 70. Nf5+ Kg6 71. Nd4+ Kh6 72. Ne6 Bxe5 73. f5 Bf6 74. Nef4 Be7 75. Nd5 Bd8 76. Bf3 Be7 77. N5f4 Bd8 78. Nxh5 Be7 79. Ng3 Bd8 80. Kg4 Kg7 81. Nf4 Kf6 82. Ne4+ Kf7 83. Ne6 Be7 84. N6g5+ Kg8 85. f6 Bf8 86. Kf5 Kh8 87. Kg6 Ba3 88. Ng3 Kg8 89. Nf5 Kf8 90. Ne6+ Ke8 91. f7+ Kd7 92. f8=Q Bxf8 93. Nxf8+ Kc7 94. Kg7 Kd8 95. h5 Ke8 96. h6 Kd8 97. h7 Ke8 98. h8=Q Kd8 99. Qg8 Kc7 100. Qf7+ Kb6 101. Qb7+ Kc5 102. Qc6+ Kb4 103. Nd4 Ka3 104. Qc3+ 1-0


[Site "https://www.chess.com"]

[Event "Titled Tuesday Blitz October 25 Late 2022"]
[White "Jensen, Matthew R"]
[Black "Dzierzak, Radoslaw"]
[WhiteFideId "2018110"]
[BlackFideId "1161407"]
[WhiteElo "2300"]
[BlackElo "2111"]
[Result "1-0"]
[Round "07"]
[TimeControl "180+1"]
[Date "2022.10.26"]
[WhiteClock "0:00:17"]
[BlackClock "0:00:07"]

1. d4 Nf6 2. c4 e6 3. g3 Bb4+ 4. Nd2 O-O 5. Bg2 d5 6. a3 Be7 7. Ngf3 b6 8. cxd5 exd5 9. O-O c5 10. b3 Nc6 11. Bb2 Be6 12. e3 Rc8 13. Rc1 Qd7 14. Qe2 Ne4 15. dxc5 Nxd2 16. Qxd2 bxc5 17. Rfd1 Rfd8 18. Ne5 Nxe5 19. Bxe5 Qb5 20. Qb2 f6 21. Bc3 d4 22. exd4 Bxb3 23. dxc5 Bxc5 24. Rxd8+ Rxd8 25. Bxf6 gxf6 26. Qxf6 Bxf2+ 27. Qxf2 Qb6 28. Qxb6 axb6 29. Rb1 Rd3 30. Rxb3 Rd1+ 31. Bf1 Rd6 32. a4 Kg7 33. Bb5 Kf6 34. Rc3 Ke5 35. Kg2 h5 36. Rc6 Rd2+ 37. Kh3 h4 38. Rxb6 hxg3 39. hxg3 Rd4 40. Rc6 Kf5 41. Rc5+ Kf6 42. g4 Rb4 43. Kh4 Rd4 44. Kh5 Kg7 45. g5 Kf7 46. Rc7+ Ke6 47. Kh6 Rh4+ 48. Kg7 Kf5 49. g6 Rg4 50. Rc5+ Ke6 51. Rc7 Kd6 52. Rd7+ Ke6 53. Rf7 Ke5 54. Bd3 Rxa4 55. Kg8 Rh4 56. g7 Rg4 57. Ra7 Ke6 58. Ra6+ Ke7 59. Kh7 Rh4+ 60. Rh6 Rxh6+ 61. Kxh6 Kf7 62. Kh7 Kf6 63. g8=Q Ke7 64. Qg7+ Kd6 65. Kg6 Kc6 66. Qf6+ Kb7 67. Kf5 Ka7 68. Ke5 Ka8 69. Qe7 Kb8 70. Kd6 Ka8 71. Kc6 Kb8 72. Qb7# 1-0


[Site "https://www.chess.com"]

[Event "Titled Tuesday Blitz October 25 Late 2022"]
[White "Jobava, Baadur"]
[Black "Naroditsky, Daniel"]
[WhiteFideId "13601520"]
[BlackFideId "2026961"]
[WhiteElo "2582"]
[BlackElo "2628"]
[Result "0-1"]
[Round "07"]
[TimeControl "180+1"]
[Date "2022.10.26"]
[WhiteClock "0:00:02"]
[BlackClock "0:00:02"]

1. c4 e5 2. Nc3 Bb4 3. Nd5 Na6 4. Nxb4 Nxb4 5. d3 Nf6 6. Nf3 Qe7 7. a3 Nc6 8. e3 a5 9. b3 O-O 10. Bb2 d5 11. cxd5 Nxd5 12. Rc1 f6 13. Be2 Be6 14. O-O Rfd8 15. Qc2 Qf7 16. Nd2 Nde7 17. Rfd1 Qg6 18. Ne4 Bd5 19. Bf1 Qf7 20. Nd2 Rd7 21. Bc3 Be6 22. b4 axb4 23. axb4 Nd5 24. Ra1 Rad8 25. Ne4 Ncxb4 26. Bxb4 Nxb4 27. Qb2 Qe7 28. h3 c5 29. Ra5 b6 30. Rb5 f5 31. Ng3 f4 32. exf4 exf4 33. Nh5 Qf7 34. Be2 f3 35. Bxf3 Nxd3 36. Qc3 Ne5 37. Qxe5 Rxd1+ 38. Bxd1 Rxd1+ 39. Kh2 Rd5 40. Qb8+ Qf8 41. Qxb6 Qd6+ 42. Qxd6 Rxd6 43. Rxc5 Rd7 44. Nf4 Rd6 45. Rc7 Bd7 46. g4 Kf7 47. Kg3 g6 48. h4 Rd1 49. f3 Ke7 50. Ra7 Rg1+ 51. Kf2 Rb1 52. Nd5+ Ke6 53. Nf4+ Kd6 54. Nh3 Rb2+ 55. Kg3 Rb3 56. Ng5 h5 57. Nf7+ Ke6 58. Ng5+ Ke7 59. Ne4 Rb5 60. g5 Ke6 61. Ra6+ Ke7 62. Rxg6 Rb3 63. Rg7+ Ke8 64. Nf6+ Kf8 65. Rg8+ Kf7 0-1


[Site "https://www.chess.com"]

[Event "Titled Tuesday Blitz October 25 Late 2022"]
[White "Joubert, Dantelle"]
[Black "Romero Ruscalleda, Josep"]
[WhiteFideId "14310813"]
[BlackFideId "2231859"]
[WhiteElo "1507"]
[BlackElo "2324"]
[Result "0-1"]
[Round "07"]
[TimeControl "180+1"]
[Date "2022.10.26"]
[WhiteClock "0:00:03"]
[BlackClock "0:01:03"]

1. d4 g6 2. e4 Bg7 3. c4 d6 4. Nc3 e5 5. dxe5 dxe5 6. Qxd8+ Kxd8 7. Bg5+ f6 8. Be3 Bh6 9. Bxh6 Nxh6 10. O-O-O+ Bd7 11. Nd5 Rf8 12. h3 c6 13. Ne3 Ke7 14. c5 Be6 15. Kb1 Nd7 16. Rc1 a5 17. b3 a4 18. b4 a3 19. Rc3 Ra4 20. Nc2 f5 21. exf5 Bxf5 22. Rb3 Bxc2+ 23. Kxc2 Rxf2+ 24. Ne2 Nf5 25. Kd2 Nd4 26. Re3 Rxb4 27. Ke1 Rf5 28. Nxd4 Rxd4 29. Bd3 Rf6 30. Kd2 Nxc5 31. Rxe5+ Kd6 32. Re3 Rf2+ 33. Kc3 Rxd3+ 34. Rxd3+ Nxd3 35. Rd1 Rxa2 36. Rxd3+ Kc5 37. Kb3 Rxg2 38. Kxa3 b5 39. Re3 h5 40. Re5+ Kb6 41. Kb4 Rg3 0-1


[Site "https://www.chess.com"]

[Event "Titled Tuesday Blitz October 25 Late 2022"]
[White "Kabanova, Ekaterina"]
[Black "Lindholt, Malik"]
[WhiteFideId "24112917"]
[BlackFideId "1404490"]
[WhiteElo "2141"]
[BlackElo "2002"]
[Result "1/2-1/2"]
[Round "07"]
[TimeControl "180+1"]
[Date "2022.10.26"]
[WhiteClock "0:00:03"]
[BlackClock "0:00:18"]

1. c4 Nf6 2. Nf3 g6 3. d4 Bg7 4. Nc3 O-O 5. e4 d6 6. h3 e5 7. d5 a5 8. g4 Na6 9. Bd3 c5 10. Bg5 h6 11. Be3 g5 12. Qd2 Nh7 13. Nb5 Nc7 14. Nc3 Bd7 15. a3 Rb8 16. Rb1 b5 17. cxb5 Nxb5 18. Bxb5 Bxb5 19. Nxb5 Rxb5 20. O-O Nf6 21. Kg2 Qb6 22. Qc2 Rb8 23. Nd2 Rxb2 24. Qa4 Qc7 25. Rxb2 Rxb2 26. Rb1 Rxb1 27. Nxb1 Bf8 28. Nd2 Be7 29. f3 Bd8 30. Nc4 Nd7 31. Bd2 Nb6 32. Qe8+ Kg7 33. Bxa5 Qa7 34. Nxd6 Nxd5 35. Bxd8 Nf4+ 36. Kh2 c4 37. Qxe5+ f6 38. Qxf6+ Kh7 39. Qf5+ Kg8 40. Bb6 Qxb6 41. Qf7+ Kh8 42. Qf6+ Kh7 43. Qe7+ Kg8 44. Qe8+ Kh7 45. Qe7+ Kg8 46. Qe8+ Kg7 47. Qf7+ Kh8 48. Qf8+ Kh7 49. Qf5+ Kg8 50. Qf7+ Kh8 1/2-1/2


[Site "https://www.chess.com"]

[Event "Titled Tuesday Blitz October 25 Late 2022"]
[White "Kamsky, Gata"]
[Black "Annaberdiyev, Babageldi"]
[WhiteFideId "2000024"]
[BlackFideId "14000385"]
[WhiteElo "2666"]
[BlackElo "2332"]
[Result "1-0"]
[Round "07"]
[TimeControl "180+1"]
[Date "2022.10.26"]
[WhiteClock "0:00:26"]
[BlackClock "0:00:41"]

1. e4 e6 2. Qe2 c5 3. Nf3 Nc6 4. g3 Be7 5. Bg2 h5 6. h4 b6 7. O-O Bb7 8. c3 Nf6 9. Rd1 Rc8 10. d4 cxd4 11. cxd4 d5 12. e5 Ng4 13. Nc3 a6 14. Bg5 O-O 15. Bxe7 Nxe7 16. Ng5 Nf5 17. Bh3 Rc4 18. Bxg4 hxg4 19. Qxg4 Qd7 20. Qh5 Nh6 21. Rd2 b5 22. a3 Rfc8 23. Rad1 a5 24. Ne2 b4 25. axb4 axb4 26. Nf4 b3 27. Nfxe6 fxe6 28. Qg6 Rc1 29. Qh7+ Kf8 30. Qh8+ Ng8 31. Rd3 Rxd1+ 32. Rxd1 Qe8 33. Rd3 Qg6 34. Rxb3 Bc6 35. Rf3+ Ke7 36. Rf7+ Qxf7 37. Nxf7 Kxf7 38. Qh5+ Kf8 39. Qf3+ Ke7 40. Qg4 Kf8 41. Qxe6 Ne7 42. h5 Be8 43. h6 gxh6 44. Qf6+ Kg8 45. Qxe7 Rc1+ 46. Kg2 Bg6 47. Qe6+ Kh7 48. Qxd5 Re1 49. Qd7+ Kg8 50. g4 Be4+ 51. Kg3 1-0


[Site "https://www.chess.com"]

[Event "Titled Tuesday Blitz October 25 Late 2022"]
[White "Karas, Marek"]
[Black "Kirillov, Dmitry"]
[WhiteFideId "14928558"]
[BlackFideId "34180572"]
[WhiteElo "2220"]
[BlackElo "2095"]
[Result "0-1"]
[Round "07"]
[TimeControl "180+1"]
[Date "2022.10.26"]
[WhiteClock "0:00:02"]
[BlackClock "0:00:52"]

1. a3 e5 2. h3 d5 3. b3 Nf6 4. g3 c5 5. Bb2 Nc6 6. Bg2 d4 7. e3 Be7 8. Ne2 O-O 9. d3 Be6 10. O-O Qd7 11. Kh2 a5 12. Nd2 a4 13. bxa4 Rxa4 14. c3 Rfa8 15. cxd4 cxd4 16. exd4 Nxd4 17. Bxd4 exd4 18. Rb1 Bd5 19. Bxd5 Nxd5 20. Nc4 b5 21. Ne5 Qe6 22. f4 Ne3 23. Qc1 Nxf1+ 24. Qxf1 f6 25. Nf3 Rxa3 26. Nexd4 Qa2+ 27. Kh1 Qxb1 28. Qxb1 Ra1 29. Qxa1 Rxa1+ 30. Kg2 b4 31. Kf2 Bc5 32. Ke2 Ra2+ 33. Kd1 Rg2 34. Nf5 b3 35. Kc1 Ba3+ 36. Kb1 Rf2 37. N5d4 Rf1+ 0-1


[Site "https://www.chess.com"]

[Event "Titled Tuesday Blitz October 25 Late 2022"]
[White "Koellner, Ruben Gideon"]
[Black "Bordi, Kevin"]
[WhiteFideId "12993093"]
[BlackFideId "621862"]
[WhiteElo "2303"]
[BlackElo "2824"]
[Result "0-1"]
[Round "07"]
[TimeControl "180+1"]
[Date "2022.10.26"]
[WhiteClock "0:00:02"]
[BlackClock "0:00:25"]

1. d4 d5 2. Nf3 Nf6 3. Nbd2 Bf5 4. e3 e6 5. Ne5 Nbd7 6. g4 Nxe5 7. gxf5 Neg4 8. fxe6 fxe6 9. Bh3 h5 10. Nf3 Ne4 11. Bxg4 hxg4 12. Ne5 Qh4 13. Rf1 Bd6 14. Ng6 Qxh2 15. Nxh8 Nxf2 16. Rxf2 Bg3 17. Qe2 O-O-O 18. Ng6 Bxf2+ 19. Kd2 g3 20. Kc3 g2 21. Bd2 g1=Q 22. Rxg1 Qxg1 23. Nf4 Rd6 24. Qh5 b6 25. Qe8+ Kb7 26. Nxe6 Bxe3 27. Nd8+ Rxd8 28. Qxd8 Bxd2+ 29. Kxd2 Qxd4+ 30. Kc1 Qe3+ 31. Kd1 Qf3+ 32. Kd2 g6 33. Qg5 Qf5 34. Qg3 g5 35. Qg2 g4 36. c3 Qe4 37. Qg3 a5 38. b3 a4 39. bxa4 Qxa4 40. Ke3 Qe4+ 41. Kd2 Kc6 42. Qh4 Qf4+ 43. Kd3 Qc4+ 44. Kd2 Qxa2+ 45. Kd3 Qc4+ 46. Kd2 Qf4+ 47. Kd3 Kb7 0-1


[Site "https://www.chess.com"]

[Event "Titled Tuesday Blitz October 25 Late 2022"]
[White "Koutlas, Nikolaos"]
[Black "Borisova, Ekaterina"]
[WhiteFideId "25827138"]
[BlackFideId "34124184"]
[WhiteElo "2167"]
[BlackElo "2134"]
[Result "1-0"]
[Round "07"]
[TimeControl "180+1"]
[Date "2022.10.26"]
[WhiteClock "0:00:07"]
[BlackClock "0:00:03"]

1. e4 c6 2. Qh5 d5 3. exd5 cxd5 4. Nc3 Nf6 5. Qh4 Nc6 6. Nf3 Bf5 7. Bb5 a6 8. Nd4 Bd7 9. Nxc6 bxc6 10. Ba4 e5 11. O-O Bd6 12. d4 O-O 13. Bg5 h6 14. Bxf6 Qxf6 15. Qxf6 gxf6 16. Ne2 Rab8 17. b3 Rfd8 18. Rad1 Rbc8 19. c4 e4 20. Nc3 Be6 21. c5 Be7 22. f3 f5 23. Kf2 Rc7 24. Ne2 Bg5 25. f4 Bf6 26. Ke3 Rb8 27. a3 a5 28. Nc3 Bc8 29. Rd2 Ba6 30. Re1 Kh7 31. Kf2 h5 32. Nd1 Bb5 33. Ne3 Kg6 34. h3 Bxa4 35. bxa4 Rb3 36. Rg1 Rcb7 37. g4 Rb2 38. gxh5+ Kxh5 39. Ke2 Rxd2+ 40. Kxd2 Bxd4 41. Rg5+ Kh4 42. Nxf5+ Kxh3 43. Nxd4 Rb2+ 44. Kc3 Ra2 45. Nxc6 Rxa3+ 46. Kd4 Rd3+ 47. Ke5 e3 48. Nd4 f6+ 49. Kxf6 Rxd4 50. Re5 Re4 51. c6 e2 52. c7 e1=Q 53. c8=Q+ Kg2 54. Rg5+ Kf2 55. Qc5+ d4 56. f5 Qe3 57. Rh5 d3 58. Qc7 Qd4+ 59. Kg6 Rg4+ 60. Kh7 Qd5 61. Rh2+ Rg2 62. Qf4+ Qf3 63. Rxg2+ Kxg2 64. Qxf3+ Kxf3 65. f6 d2 66. f7 d1=Q 67. f8=Q+ Ke2 68. Qe7+ Kd2 69. Qd8+ Kc1 70. Qxa5 Qc2+ 71. Kg7 Qb2+ 72. Kf7 Qf2+ 73. Ke6 Qe3+ 74. Kd6 Qd4+ 75. Kc6 Qe4+ 76. Kb6 Qd4+ 77. Qc5+ 1-0


[Site "https://www.chess.com"]